 Dungeon Crawl Stone Soup version 0.18-a0-1243-g9e52518 (webtiles) character file.

63 Chiseanne the Skirmisher (level 3, 5/31 HPs)
             Began as a Centaur Air Elementalist on Feb 5, 2016.
             Quit the game on level 2 of the Dungeon.
             The game lasted 00:04:05 (2427 turns).

Chiseanne the Skirmisher (Centaur Air Elementalist) Turns: 2427, Time: 00:04:05

Health: 5/31       AC:  5    Str: 10    XL:     3   Next: 89%
Magic:  1/5        EV:  9    Int: 20    God:
Gold:   116        SH:  0    Dex:  9    Spells: 1 memorised, 4 levels left

rFire  . . .     SeeInvis .     g - +0 club (curse)
rCold  . . .     Gourm    +     a - +1 robe
rNeg   . . .     Faith    .     (no shield)
rPois  .         Spirit   .     (no helmet)
rElec  .         Dismiss  .     (no cloak)
rCorr  +         Reflect  .     (no gloves)
SustAt .         Harm     .     (no barding)
MR     .....                    i - amulet of the gourmand
Stlth  +.........               (no ring)
                                d - ring of resist corrosion

@: brilliant, lethally poisoned (5 -> -1), flying, very quick, not resistant to
hostile enchantments, very unstealthy
A: hooves 3, deformed body, speed 2, tough skin 3
a: no special abilities


You were on level 2 of the Dungeon.
You were not hungry.

You visited 1 branch of the dungeon, and saw 2 of its levels.

You collected 116 gold pieces.

Inventory:

Hand Weapons
 g - a cursed +0 club (weapon)
 j - a +0 halberd
Missiles
 e - 45 bolts
 l - 12 bolts of flame
 m - 13 arrows
 o - 9 poisoned arrows
 p - 5 javelins (quivered)
Armour
 a - a +1 robe (worn)
Jewellery
 d - a ring of resist corrosion (left hand)
 i - an amulet of the gourmand (around neck)
Scrolls
 q - a scroll of enchant armour
Potions
 f - 2 potions of might
 h - a potion of cancellation
Books
 b - a book of Air

   Spells                             Type                      Level
   a - Shock                          Conjuration/Air              1
   b - Swiftness                      Charms/Air                   2
   c - Repel Missiles                 Charms/Air                   2
   d - Static Discharge               Conjuration/Air              3
   e - Lightning Bolt                 Conjuration/Air              5
Comestibles
 c - 3 bread rations
 r - a slice of pizza


   Skills:
 + Level 3.6 Fighting
 - Level 1.3 Dodging
 - Level 1.2 Stealth
 - Level 1.5 Spellcasting
 - Level 0.8 Conjurations
 - Level 2.6 Air Magic


You had 4 spell levels left.
You knew the following spells:

 Your Spells              Type           Power        Failure   Level  Hunger
a - Shock                 Conj/Air       ###.         1%          1    #......


Dungeon Overview and Level Annotations

Branches:
Dungeon (2/15)

Altars:


Innate Abilities, Weirdness & Mutations

You have hooves in place of feet.
Armour fits poorly on your strangely shaped body.
You cover ground very quickly.
You have extremely tough skin (AC +3).


Message History

The adder is almost dead.
* * * LOW HITPOINT WARNING * * *
You feel sick.
Drink which item? (? for menu, Esc to quit)
It was a potion of flight.
You feel very buoyant.
You fly up into the air.
The adder barely misses you. The adder closely misses you.
Drink which item? (? for menu, Esc to quit)
It was a potion of brilliance.
You feel clever all of a sudden.
* * * LOW HITPOINT WARNING * * *
You feel sick. The adder closely misses you.
Your magical contamination has completely faded away.
Drink which item? (? for menu, Esc to quit)
Okay, then.
Put on which piece of jewellery? (? for menu, Esc to quit)
d - a ring of resist corrosion (left hand)
The adder bites you but does no damage.
Are you sure you want to abandon this character and quit the game? (Confirm with "yes".)

.......##....... . .............
.......##.....##..#..#...#.....##
.......##........#...#...#####.##
.......#.......#...# #...# ..#
.........(...###...###.... ####
##......#.........#.....#
##..............##...#.
.............#..###..#.. #
.##.##.###......@S...#.# #.## #.
#.. ###..#..(...#.#..... #. #..
#..#....##.#.)....# ..
....##.#...#....# .....#
#.......#..# ........)....#..####
.............#...#
.............##...#
..............#....≈


You could see an adder.

Vanquished Creatures
  A gnoll (D:1)
  An adder (D:2)
  2 oozes (D:1)
  A worm (D:2)
  A giant gecko (D:1)
  6 bats
  2 giant cockroaches (D:1)
  3 goblins
  A hobgoblin (D:1)
  4 giant newts
  6 kobolds
  8 rats
36 creatures vanquished.

Notes
Turn   | Place    | Note
--------------------------------------------------------------
     0 | D:1      | Chiseanne the Centaur Air Elementalist began the quest for the Orb.
     0 | D:1      | Reached XP level 1. HP: 14/14 MP: 3/3
   110 | D:1      | Reached skill level 1 in Fighting
   318 | D:1      | Reached XP level 2. HP: 21/24 MP: 0/4
  1161 | D:1      | Reached XP level 3. HP: 30/30 MP: 5/5
  1540 | D:1      | Reached skill level 3 in Fighting
  2427 | D:2      | Quit the game

Vault maps used:
D:1:      denvon_arrival_planthouse
D:2:      lemuel_crystal_altar, xom_redecorated, first_bread

Action                   || total
-------------------------++-------
Melee: Unarmed           ||    44
       Club              ||    69
 Cast: Shock             ||    51
  Use: Scroll            ||     7
       Potion            ||     2
  Eat: Chunk             ||    10
